 Dungeon Crawl Stone Soup version 0.19-a0-1167-g79b6552 (webtiles) character file.

129 JeffiDaFish the Firebug (level 5, 0/28 HPs)
             Began as a Tengu Fire Elementalist on Aug 14, 2016.
             Was an Initiate of Cheibriados.
             Slain by Terence
             ... wielding a +3 mace
              (8 damage)
             ... on level 3 of the Dungeon.
             The game lasted 00:18:43 (3022 turns).

JeffiDaFish the Firebug (Tengu Fire Elementalist)   Turns: 3022, Time: 00:18:44

Health: 0/28       AC:  1    Str:  9      XL:     5   Next: 12%
Magic:  5/9        EV: 13    Int: 17      God:    Cheibriados [......]
Gold:   241        SH:  0    Dex: 15 (16) Spells: 3 memorised, 3 levels left

rFire  . . .     SeeInvis .     n - +0 long sword
rCold  . . .     Gourm    .     (no armour)
rNeg   . . .     Faith    .     (no shield)
rPois  .         Spirit   .     (helmet restricted)
rElec  .         Dismiss  .     l - +0 cloak {MR+}
rCorr  .         Reflect  .     (no gloves)
MR     +....     Harm     .     (boots unavailable)
Stlth  ++........               (no amulet)
                                (no ring)
                                (no ring)

@: very slightly contaminated, very slow
A: beak, talons 3, able to fly 1
a: Fly, Bend Time, Renounce Religion


You were on level 3 of the Dungeon.
You worshipped Cheibriados.
Cheibriados was noncommittal.
You were not hungry.

You visited 1 branch of the dungeon, and saw 3 of its levels.

You collected 241 gold pieces.

Inventory:

Hand Weapons
 n - a +0 long sword (weapon)
Armour
 l - a +0 cloak of magic resistance (worn)
Jewellery
 k - an uncursed amulet of harm {unknown}
Wands
 j - a wand of enslavement (11/24)
Scrolls
 e - 2 scrolls of identify
 f - 2 scrolls of remove curse
 h - 2 scrolls of fear
 i - a scroll of immolation
 m - 2 scrolls of teleportation
Potions
 g - a potion of haste
Books
 b - a book of Flames

   Spells                             Type                      Level
   a - Flame Tongue                   Conjuration/Fire             1
   b - Throw Flame                    Conjuration/Fire             2
   c - Conjure Flame                  Conjuration/Fire             3
   d - Inner Flame                    Hexes/Fire                   3
   e - Sticky Flame                   Conjuration/Fire             4
   f - Fireball                       Conjuration/Fire             5
Comestibles
 c - 3 bread rations
 d - 2 slices of pizza


   Skills:
   Level 0.7(1.0) Short Blades
 * Level 0.7(1.0) Long Blades
 + Level 3.2 Dodging
 + Level 2.4 Stealth
 * Level 2.5 Spellcasting
 + Level 2.3 Conjurations
 + Level 4.4 Fire Magic


You had 3 spell levels left.
You knew the following spells:

 Your Spells              Type           Power        Failure   Level  Hunger
a - Flame Tongue          Conj/Fire      ##...        4%          1    #......
b - Throw Flame           Conj/Fire      ##....       10%         2    ##.....
c - Conjure Flame         Conj/Fire      ##......     14%         3    ###....


Dungeon Overview and Level Annotations

Branches:
Dungeon (3/15)

Altars:
Cheibriados
Fedhas
Hepliaklqana
Ru
Uskayaw

Annotations:
D:3 Natasha, Terence


Innate Abilities, Weirdness & Mutations

You have a beak for a mouth.
You have claws for feet.
You can fly.


Message History

Terence completely misses you.
Casting: Flame Tongue
Confirm with . or Enter, or press ? or * to list all spells.
Aiming: Flame Tongue
Press: ? - help, Shift-Dir - straight line, f/p - Terence
Aim: Terence, wielding an enchanted mace and wearing a chain mail (severely wounded)
You miscast Flame Tongue.
You are very lightly contaminated with residual magic.
You smell something strange.
Terence hits you with an enchanted mace!
* * * LOW HITPOINT WARNING * * *
Casting: Flame Tongue
Confirm with . or Enter, or press ? or * to list all spells.
Aiming: Flame Tongue
Press: ? - help, Shift-Dir - straight line, f/p - Terence
Aim: Terence, wielding an enchanted mace and wearing a chain mail (severely wounded)
The flame tongue hits Terence.
Terence is severely wounded.
Terence hits you with an enchanted mace!
You die...

##.......##.###..
##.........#.#
##.
#.....⌠....#.# ##
#..........#.#
#.#..........#
#.#..._....###
#.###...##.#
#.########.##
#@@.........#
######.##.....
#.#....##h#
#.#..#.# # #.#..
.. #.... .# ###..
.#


You could see Terence.

Vanquished Creatures
  Crazy Yiuf (D:2)
  5 adders
  2 oozes (D:2)
  A worm (D:2)
  2 dart slugs
  A giant cockroach (D:1)
  11 hobgoblins
  3 jackals (D:2)
  A quokka (D:3)
  A ball python (D:1)
  3 bats
  2 giant newts
  2 goblins (D:2)
  8 kobolds
  2 rats
45 creatures vanquished.

Vanquished Creatures (others)
  A giant gecko (D:3)
1 creature vanquished.

Grand Total: 46 creatures vanquished

Notes
Turn   | Place    | Note
-------+----------+-------------------------------------------
     0 | D:1      | JeffiDaFish the Tengu Fire Elementalist began the quest for the Orb.
     0 | D:1      | Reached XP level 1. HP: 10/10 MP: 4/4
   214 | D:1      | Reached XP level 2. HP: 13/15 MP: 0/6
  1026 | D:2      | Reached skill level 4 in Fire Magic
  1320 | D:2      | Found a sacrificial altar of Ru.
  1348 | D:2      | Reached XP level 3. HP: 19/19 MP: 4/7
  1992 | D:2      | Found a runed door.
  1996 | D:2      | Noticed Crazy Yiuf
  2003 | D:2      | Learned a level 2 spell: Throw Flame
  2007 | D:2      | Learned a level 3 spell: Conjure Flame
  2021 | D:2      | Killed Crazy Yiuf
  2021 | D:2      | Reached XP level 4. HP: 24/24 MP: 2/8
  2344 | D:3      | Found a hazy altar of Hepliaklqana.
  2429 | D:3      | Found a blossoming altar of Fedhas.
  2660 | D:3      | Gained mutation: You can fly. [Tengu growth]
  2660 | D:3      | Reached XP level 5. HP: 23/28 MP: 5/9
  2929 | D:3      | Found a hide-covered altar of Uskayaw.
  2939 | D:3      | Found a snail-covered altar of Cheibriados.
  2982 | D:3      | Became a worshipper of Cheibriados the Contemplative
  2987 | D:3      | Noticed Terence
  2988 | D:3      | Noticed Natasha
  3022 | D:3      | Slain by Terence

Vault maps used:
D:1:      dpeg_arrival_renting
D:2:      nicolae_ru_sacrificial_ziggurat, uniq_crazy_yiuf_cottage
D:3:      old_standard_altar, lemuel_crystal_altar, grunt_temple_overflow_open,
          lemuel_flame_loot_1, uniq_natasha, uniq_terence

Skill      XL: |  1  2  3  4 |
---------------+-------------+-----
Fire Magic     | 4 |  4.4
Conjurations   | 2 |  2.3
Dodging        | 3 |  3.2
Short Blades   | |  0.7
Long Blades    | |  0.7
Stealth        | |  2.4
Spellcasting   | |  2.5

Action                   |  1- 3 |  4- 6 || total
-------------------------+-------+-------++-------
Melee: Unarmed           |     1 |       ||     1
       Short sword       |    39 |     5 ||    44
       Kick              |     4 |     3 ||     7
       Peck              |     4 |       ||     4
       Long sword        |       |     6 ||     6
 Cast: Flame Tongue      |    50 |    22 ||    72
       Conjure Flame     |     1 |       ||     1
       Throw Flame       |       |     9 ||     9
 Abil: Fly               |       |     1 ||     1
  Use: Scroll            |     7 |     1 ||     8
       Potion            |     6 |       ||     6
 Stab: Sleeping          |     1 |     1 ||     2
  Eat: Bread ration      |     1 |       ||     1
       Fruit             |       |     2 ||     2
       Chunk             |       |     2 ||     2
       Pizza             |       |     1 ||     1
Armor: Robe              |    11 |     1 ||    12
       Skin              |       |     1 ||     1
Dodge: Dodged            |    61 |     9 ||    70
